 Dungeon Crawl Stone Soup version 0.31-a0-1300-gb6740aa4e6 (webtiles) character file.

Game seed: 14283553715753734887

90 mopl the Insei (level 4, -7/29 HPs)
             Began as an Octopode Shapeshifter on Dec 18, 2023.
             Killed by nerve-wracking pain
             ... invoked by an orc priest
              (11 damage)
             ... on level 3 of the Dungeon.
             The game lasted 00:01:30 (994 turns).

mopl the Insei (Octopode Shapeshifter)               Turns: 994, Time: 00:01:31

Health: -7/29      AC:  1    Str: 13    XL:     4   Next: 56%
Magic:  4/4        EV: 13    Int: 12    God:
Gold:   69         SH:  0    Dex: 13    Spells: 3/3 levels left

rFire   . .          .
                       - Unarmed
rCold   . . .        (no shield)
rNeg    . . .        (helmet currently unavailable)
rPois   .            (no amulet)
rElec   .            (no ring)
rCorr   .            (no ring)
SInv    .            (no ring)
Will    .....        (no ring)
Stlth   ++           (no ring)
HPRegen 0.24/turn    (no ring)
MPRegen 0.09/turn    (no ring)
                     (no ring)

%: no passive effects
@: beast-form
A: beast (slay +2), almost no armour, amphibious, 8 rings, camouflage 1,
gelatinous body 1, (nimble swimmer 1), tentacles
a: Begin Untransformation


You were on level 3 of the Dungeon.
You were a hulking beast.
You visited 1 branch of the dungeon, and saw 3 of its levels.

You collected 69 gold pieces.

Inventory:

Talismans
 b - a beast talisman
 c - a flux talisman
Scrolls
 d - a scroll of fear {unknown}
 f - 4 scrolls of torment {unknown}
 i - a scroll of vulnerability {unknown}
 j - a scroll of acquirement {unknown}
 k - 2 scrolls of revelation {unknown}
 l - 3 scrolls of identify {unknown}
 n - a scroll of teleportation {unknown}
 o - 2 scrolls of enchant weapon {unknown}
Potions
 a - a potion of lignification {!q}
 e - a potion of brilliance {unknown}
 g - a potion of curing {unknown}
 h - a potion of cancellation {unknown}
 m - a potion of heal wounds {unknown}


   Skills:
 + Level 1.8 Fighting
 + Level 2.5 Dodging
 * Level 3.9 Unarmed Combat
 * Level 3.7 Shapeshifting


You had 3 spell levels left.
You didn't know any spells.
Your spell library contained the following spells:

 Spells                   Type           Power      Damage    Failure   Level
 Shock                    Conj/Air       0%         1d3       32%         1
 Slow                     Hex            0%         N/A       32%         1
 Summon Small Mammal      Summ           0%         N/A       32%         1


Dungeon Overview and Level Annotations

Branches:
Dungeon (3/15)

Altars:
Nemelex Xobeh
Trog
Wu Jian
Yredelemnul

Shops:
D:2 [([


Innate Abilities, Weirdness & Mutations

You are a hulking beast.
Your limbs bulge with bestial killing power. (Slay +2)
You cannot wear most types of armour.
You are amphibious.
You can wear up to eight rings at the same time.
Your skin changes colour to match your surroundings (Stealth+).
Your rubbery body absorbs attacks. (AC +1, EV +1)
((You are camouflaged when in or above water. (Stealth+)))
You have tentacles for arms and can constrict up to eight enemies at once.


Message History

Found a sedimented dark potion.
Found a basalt altar of Yredelemnul. 2 orcs and a goblin come into view.
The orc priest shouts!
The orc shouts!
You hear a shout!
An orc priest comes into view. It is wielding a +0 flail.
The orc shouts!
You closely miss the orc priest. You grab the orc priest.
You constrict the orc priest, but do no damage.
Unknown command.
You tentacle-slap the orc priest.
The orc priest is heavily wounded.
You constrict the orc priest.
The orc priest mumbles some strange prayers to Beogh against you.
Pain shoots through your body!
Unknown command.
You tentacle-slap the orc priest.
The orc priest is severely wounded.
You constrict the orc priest.
The orc priest escapes!
You closely miss the orc priest. You grab the orc priest.
The orc priest is almost dead.
You constrict the orc priest. The orc completely misses you.
The orc priest barely misses you.
Unknown command.
You bludgeon the orc priest!
You kill the orc priest!
The orc hits you with a +0 flail! The orc barely misses you.
Unknown command.
You tentacle-slap the orc priest. You grab the orc priest.
The orc priest is heavily wounded.
You constrict the orc priest, but do no damage.
The orc priest mumbles some strange prayers to Beogh against you.
You barely resist. The orc hits you with a +0 hand axe.
The orc closely misses you.
Unknown command.
You tentacle-slap the orc priest.
The orc priest is severely wounded.
You constrict the orc priest. The orc hits you with a +0 flail!
* * * LOW HITPOINT WARNING * * *
The orc priest calls down the wrath of Beogh upon you.
Pain shoots through your body!
You die...

####...#
#......#
#.._...#
#._8_..#
#.._...#
###...o..#
#....ooo.+
#....)h..#
+......#####
#............
.....#'###..!..g
.... #.# ......
+## #.#####+###
#...#<..#
###.#.#.# #
#.#.#.#


You could see an orc priest and 3 orcs.

Vanquished Creatures
  An orc priest (D:3)
  An adder (D:2)
  A worm (D:2)
  5 dart slugs
  4 endoplasms
  2 giant cockroaches (D:2)
  3 goblins
  2 hobgoblins (D:1)
  6 jackals (D:2)
  3 kobolds
  A quokka (D:1)
  2 ball pythons
  A bat (D:2)
  2 frilled lizards (D:1)
  3 rats
37 creatures vanquished.

Notes
Turn   | Place    | Note
-------+----------+-------------------------------------------
     0 | D:1      | mopl the Octopode Shapeshifter began the quest for the Orb.
     0 | D:1      | Reached XP level 1. HP: 13/13 MP: 1/1
    28 | D:1      | Reached XP level 2. HP: 15/18 MP: 2/2
   125 | D:1      | Got Loenirgh's Practicing Wizardry
   126 | D:1      | You fall into a shaft and drop 1 floor!
   127 | D:2      | Found Olaegiso's Antique Armour Shoppe.
   258 | D:1      | Reached XP level 3. HP: 23/23 MP: 3/3
   531 | D:2      | Found Hadapp's Antique Armour Boutique.
   534 | D:2      | Found a faded altar of an unknown god.
   592 | D:2      | Found Jyemaol's Weapon Shop.
   715 | D:2      | Identified the +3 leather armour "Ypsoq" {Will+}
   765 | D:2      | Reached XP level 4. HP: 24/29 MP: 4/4
   983 | D:3      | Found a bloodstained altar of Trog.
   984 | D:3      | Found a sparkling altar of Nemelex Xobeh.
   984 | D:3      | Found an ornate altar of the Wu Jian Council.
   985 | D:3      | Found a basalt altar of Yredelemnul.
   994 | D:3      | Killed from afar by an orc priest

Illustrated notes

Levels and vault maps discovered:
D:1:      giann_horns, layout_rooms
D:2:      layout_rooms, ebering_ecumenical_altar_petrified, serial_shops,
          nicolae_shop_hallway_stairs, nicolae_shop_bloodbath_and_beyond, shop,
          minmay_bisected
D:3:      layout_basic, chequers_temple_overflow_statue_of_worship

Action                     |  1- 3 |  4- 6 || total
---------------------------+-------+-------++-------
  Melee: Unarmed           |    57 |    12 ||    69
         Constrict         |    14 |     5 ||    19
         Tentacles         |    12 |     1 ||    13
   Stab: Sleeping          |     3 |       ||     3
 Armour: Skin              |    19 |     4 ||    23
  Dodge: Dodged            |    21 |     7 ||    28

Table legend: (Time is in decaauts)
 A = Elapsed time spent in this place.
 B = Non-inter-level travel time spent in this place.
 C = Inter-level travel time spent in this place.
 D = Time resting spent in this place.
 E = Time spent auto-exploring this place.
 F = Levels seen in this place.
 G = Mean time per level.
                   A        B        C        D        E       F      G
               +--------+--------+--------+--------+--------+-----+--------+
         Total |    989 |    945 |     44 |      0 |    733 |   3 |  329.7 |
       Dungeon |    989 |    945 |     44 |      0 |    733 |   3 |  329.7 |
               +--------+--------+--------+--------+--------+-----+--------+

Top non-repeatable levels by time:
     D:2: 514 daAuts
     D:1: 445 daAuts
     D:3: 29 daAuts
